 Dungeon Crawl Stone Soup version 0.29-a0-283-ga02f740833 (webtiles) character file.

Game seed: 10233490484966618823

28 Anunax the Sneak (level 2, -1/20 HPs)
             Began as a Demigod Enchanter on Mar 13, 2022.
             Slain by Terence
             ... wielding a +0 mace
              (5 damage)
             ... on level 2 of the Dungeon.
             The game lasted 00:04:24 (2036 turns).

Anunax the Sneak (Demigod Enchanter)                Turns: 2036, Time: 00:04:24

Health: -1/20      AC:  5    Str:  9    XL:     2   Next: 78%
Magic:  2/7        EV: 12    Int: 17    God:
Gold:   98         SH:  0    Dex: 14    Spells: 3/5 levels left

rFire   . . .      SeeInvis .   a - +1 dagger
rCold   . . .      Faith    .   (no shield)
rNeg    . . .      Spirit   .   b - +0 robe
rPois   .          Reflect  .   (no helmet)
rElec   .          Harm     .   (no cloak)
rCorr   .          Rampage  .   (no gloves)
Will    .....                   k - +2 pair of boots
Stlth   ++........              (no amulet)
HPRegen 0.06/turn               (no ring)
MPRegen 0.10/turn               (no ring)

@: no status effects
A: high MP 1, forlorn, divine attributes
a: no special abilities


You were on level 2 of the Dungeon.
You visited 1 branch of the dungeon, and saw 2 of its levels.

You collected 98 gold pieces.

Inventory:

Hand Weapons
 a - a +1 dagger (weapon)
Armour
 b - a +0 robe (worn)
 k - a +2 pair of boots (worn)
Jewellery
 i - a +4 ring of evasion
Scrolls
 e - a scroll of brand weapon {unknown}
 h - a scroll of identify {unknown}
 j - 3 scrolls of noise {unknown}
Potions
 c - 2 potions of invisibility
 d - a potion of lignification {unknown}
 f - a potion of heal wounds {unknown}
 g - a potion of curing {unknown}


   Skills:
 + Level 1.2 Short Blades
 + Level 2.0 Dodging
 + Level 3.1 Stealth
 + Level 2.0 Spellcasting
 + Level 3.1 Hexes


You had 3 spell levels left.
You knew the following spells:

 Your Spells              Type           Power      Damage    Failure   Level
a - Ensorcelled Hibernat  Hex/Ice        12%        N/A       16%         2

Your spell library contained the following spells:

 Spells                   Type           Power      Damage    Failure   Level
 Confusing Touch          Hex            12%        N/A       16%         3
 Tukima's Dance           Hex            12%        N/A       16%         3
 Magic Dart               Conj           4%         1d3       19%         1
 Searing Ray              Conj           2%         2d4       28%         2
 Dazzling Flash           Conj/Hex       12%        N/A       30%         3
 Fulminant Prism          Conj/Hex       3%         3d6       71%         4


Dungeon Overview and Level Annotations

Branches:
Dungeon (2/15)

Annotations:
D:2 Terence


Innate Abilities, Weirdness & Mutations

You have an increased reservoir of magic. (+10% MP)
You shall have no god before yourself.
Your divine heritage dramatically boosts your attributes as you level up.


Message History

Aiming: Ensorcelled Hibernation (safe; 16% risk of failure)
Press: ? - help, Shift-Dir - straight line, f/p - Terence
Aim: Terence, wielding a +0 mace and wearing a +0 scale mail (chance to affect: 49%) Terence resists with some effort.
Casting: Ensorcelled Hibernation (safe; 16% risk of failure)
Confirm with . or Enter, or press ? or * to list all spells.
Aiming: Ensorcelled Hibernation (safe; 16% risk of failure)
Press: ? - help, Shift-Dir - straight line, f/p - Terence
Aim: Terence, wielding a +0 mace and wearing a +0 scale mail (chance to affect: 49%) Terence resists with some effort.
Terence looks scornfully at you. Terence hits you with a +0 mace!
Casting: Ensorcelled Hibernation (safe; 16% risk of failure)
Confirm with . or Enter, or press ? or * to list all spells.
You don't have enough magic to cast this spell.
Unknown command.
You hit Terence but do no damage. Terence hits you with a +0 mace.
You hit Terence.
Terence is lightly wounded.
Terence hits you with a +0 mace.
* * * LOW HITPOINT WARNING * * *
You hit Terence.
Terence is moderately wounded.
Terence barely misses you.
You hit Terence but do no damage.
Terence is moderately wounded.
Terence barely misses you.
You hit Terence but do no damage.
Terence is moderately wounded.
Terence misses you.
You hit Terence but do no damage.
Terence is moderately wounded.
Terence barely misses you.
You hit Terence but do no damage.
Terence is moderately wounded.
Terence hits you but does no damage.
You closely miss Terence.
Terence is moderately wounded.
Terence hits you with a +0 mace.
You die...

#.....# ### ####.....##
# ... ..........# . #.
#.# #......# ..###. #.#
##...)..####
..h.?.####.#
#....).....<
...[J...##.#
#.##.##.####
......J).#.# ##.##.##.#
.#####..#@####...#.##.#
.........#@............#
..#####..#†.#.......##..
...S...............##.#
######..##†#.......##.#
#..##.###...### #..##.#
#...# #..##.# ##.##
...##.# ..


You could see Terence.

Vanquished Creatures
  3 endoplasms
  A giant cockroach (D:1)
  4 goblins
  5 hobgoblins
  3 jackals (D:2)
  A kobold (D:1)
  A quokka (D:1)
  2 bats (D:1)
  3 frilled lizards (D:1)
  A rat (D:1)
24 creatures vanquished.

Notes
Turn   | Place    | Note
-------+----------+-------------------------------------------
     0 | D:1      | Anunax the Demigod Enchanter began the quest for the Orb.
     0 | D:1      | Reached XP level 1. HP: 14/14 MP: 5/5
   949 | D:1      | Reached XP level 2. HP: 12/20 MP: 7/7
  1090 | D:1      | Learned a level 2 spell: Ensorcelled Hibernation
  1649 | D:1      | Reached skill level 1 in Short Blades
  1954 | D:2      | Noticed Terence
  2036 | D:2      | Slain by Terence

Illustrated notes

Levels and vault maps discovered:
D:1:      nagdon_arrival_zigzag_paths, layout_loops_ring,
          hellmonk_ecumenical_altar_arch_garden, grunt_decor_mini_mirrors
D:2:      layout_loops_ring, serial_shops, nicolae_shop_behind_doors,
          uniq_robin, uniq_sigmund, uniq_terence

Skill      XL: |  1  2 |
---------------+-------+-----
Stealth        | 3 |  3.1
Hexes          | 3 |  3.1
Short Blades   | 1 |  1.2
Dodging        | 2 |  2.0
Spellcasting   | 2 |  2.0

Action                   || total
-------------------------++-------
Melee: Dagger            ||    89
       Punch             ||     2
 Cast: Ensorcelled Hiber ||    13
 Stab: Sleeping          ||     8
Armor: Robe              ||    21
Dodge: Dodged            ||    44

Table legend: (Time is in decaauts)
 A = Elapsed time spent in this place.
 B = Non-inter-level travel time spent in this place.
 C = Inter-level travel time spent in this place.
 D = Time resting spent in this place.
 E = Time spent auto-exploring this place.
 F = Levels seen in this place.
 G = Mean time per level.
                   A        B        C        D        E       F      G
               +--------+--------+--------+--------+--------+-----+--------+
         Total |   2032 |   2003 |     29 |   1084 |    652 |   2 | 1016.0 |
       Dungeon |   2032 |   2003 |     29 |   1084 |    652 |   2 | 1016.0 |
               +--------+--------+--------+--------+--------+-----+--------+

Top non-repeatable levels by time:
     D:1: 1749 daAuts
     D:2: 283 daAuts
